 Dungeon Crawl Stone Soup version 0.28.0-53-g5a82cb258f (webtiles) character file.

Game seed: 5108045386853981781

131 raph the Cudgeller (level 5, -3/32 HPs)
             Began as a Gargoyle Fighter on July 14, 2022.
             Slain by a wyvern (6 damage)
             ... on level 4 of the Dungeon.
             The game lasted 00:03:06 (3106 turns).

raph the Cudgeller (Gargoyle Fighter)               Turns: 3106, Time: 00:03:06

Health: -3/32      AC: 10    Str: 25    XL:     5   Next: 14%
Magic:  5/5        EV:  9    Int:  9    God:
Gold:   71         SH:  5    Dex: 11    Spells: 4/4 levels left

rFire   . . .      SeeInvis .   a - +0 flail
rCold   . . .      Faith    .   c - +1 buckler
rNeg    + . .      Spirit   .   b - +0 scale mail
rPois   ∞          Reflect  .   (no helmet)
rElec   +          Harm     .   (no cloak)
rCorr   .          Rampage  .   (no gloves)
Will    .....                   (no boots)
Stlth   ..........              (no amulet)
HPRegen 0.10/turn               g - +6 ring of strength
MPRegen 0.09/turn               (no ring)

@: mighty
A: sickness immunity, AC +4, negative energy resistance 1, electricity
resistance, torment resistance 1, petrification resistance
a: no special abilities


You were on level 4 of the Dungeon.
You visited 1 branch of the dungeon, and saw 4 of its levels.

You collected 97 gold pieces.
You spent 26 gold pieces at shops.

Inventory:

Hand Weapons
 a - a +0 flail (weapon)
Armour
 b - a +0 scale mail (worn)
 c - a +1 buckler (worn)
Jewellery
 g - a +6 ring of strength (left hand)
 n - an amulet of the acrobat
Wands
 m - a wand of iceblast (5)
Scrolls
 e - a scroll of teleportation
Potions
 f - a potion of flight {unknown}
 h - 2 potions of degeneration
 i - a potion of curing {unknown}
 j - a potion of lignification {unknown}
 k - a potion of attraction {unknown}
 l - 4 potions of brilliance


   Skills:
 - Level 3.2 Fighting
 + Level 5.2 Maces & Flails
 - Level 3.2 Armour
 - Level 3.2 Shields


You had 4 spell levels left.
You didn't know any spells.
Your spell library contained the following spells:

 Spells                   Type           Power      Damage    Failure   Level
 Conjure Flame            Conj/Fire      0%         6-21      98%         3
 Ignite Poison            Fire/Tmut/Pois 0%         N/A       98%         3
 Sticky Flame             Conj/Fire      0%         2d3       100%        4


Dungeon Overview and Level Annotations

Branches:
Dungeon (4/15)
 Temple: D:4-7

Altars:

Shops:
D:2 ?


Innate Abilities, Weirdness & Mutations

You are immune to sickness and miasma.
Your stone body is resilient. (AC +4)
You are immune to poison.
You resist negative energy. (rN+)
You are resistant to electric shocks. (rElec)
You are resistant to unholy torment.
You are immune to petrification.


Message History

An adder comes into view.
You closely miss the giant cockroach.
The adder hisses angrily.
The giant cockroach closely misses you.
You hit the giant cockroach.
You kill the giant cockroach!
An adder comes into view.
The adder moves out of view.
An iguana comes into view.
The iguana hisses angrily.
The adder hisses angrily.
A wyvern comes into view.
The jelly barely misses you.
The hobgoblin drinks a potion.
The hobgoblin seems to grow stronger.
You barely miss the jelly.
The wyvern hisses angrily.
The jelly barely misses you.
You sock the jelly!
Your hands burn!
The jelly is almost dead.
The jelly hits you but does no damage.
The hobgoblin throws a boomerang.
You block the boomerang. The jelly hits you.
You are splashed with acid!
You are too injured to fight recklessly!
You are too injured to fight recklessly!
You are too injured to fight recklessly!
You are too injured to fight recklessly!
The hobgoblin throws a boomerang.
The boomerang hits you. The adder closely misses you.
You thump the adder!
You kill the adder!
The hobgoblin throws a boomerang.
The boomerang hits you but does no damage.
You hit the jelly.
You kill the jelly!
The wyvern bites you!
* * * LOW HITPOINT WARNING * * *
Your Maces & Flails skill increases to level 5!
You have reached level 5!
You feel very mighty all of a sudden.
You hear the rusting of a very distant drain.
The wyvern bites you.
You die...

#.# ..#.# # #.###
#######.###
#..#...####.#..........
#...........#.#####.###
##.###.######..........
#.##.[.##...........##
#.........##.#####..##
#.##...#### #.... # ##@##
#.### #.##.###l#
#.#####.# # .......Sg#
........### #.>......#
...........
#..(..........#(#########
...S.....###..# #
......#... # #
...#....... #
...####.##.# #


You could see a wyvern, an adder and a hobgoblin (strong).

Vanquished Creatures
  A jelly (D:4)
  4 adders
  2 worms
  3 dart slugs
  An orc (D:3)
  5 endoplasms
  4 giant cockroaches
  6 goblins
  5 hobgoblins
  3 quokkas
  5 ball pythons
  8 bats
  4 frilled lizards
  A kobold (D:3)
  3 rats
55 creatures vanquished.

Notes
Turn   | Place    | Note
-------+----------+-------------------------------------------
     0 | D:1      | raph the Gargoyle Fighter began the quest for the Orb.
     0 | D:1      | Reached XP level 1. HP: 14/14 MP: 1/1
   274 | D:1      | Reached XP level 2. HP: 19/19 MP: 2/2
   397 | D:1      | You fall into a shaft and drop 1 floor!
   413 | D:2      | Reached skill level 3 in Maces & Flails
   693 | D:2      | Reached XP level 3. HP: 21/23 MP: 3/3
  1583 | D:2      | Found Lucoetan's Magic Scroll Boutique.
  1612 | D:2      | Bought a scroll of identify for 26 gold pieces
  1994 | D:3      | Reached skill level 4 in Maces & Flails
  2163 | D:3      | Reached XP level 4. HP: 28/28 MP: 4/4
  2947 | D:4      | Noticed a centaur
  3098 | D:4      | Noticed a wyvern
  3106 | D:4      | Reached skill level 5 in Maces & Flails
  3106 | D:4      | Reached XP level 5. HP: 3/32 MP: 5/5
  3106 | D:4      | Slain by a wyvern

Illustrated notes

Levels and vault maps discovered:
D:1:      onia_arrival_pyramid, layout_loops_ring
D:2:      layout_basic, serial_shops, nicolae_shop_window_shopping,
          dk_vineyard_1
D:3:      layout_loops_corners, minmay_misc_feat_enclosed, chequers_jeans,
          minivault_25, nicolae_concentric_dashed_squares_wild,
          guppyfry_early_lair_pool
D:4:      layout_loops_ring, portal_sewer_entry_b, minmay_ruptured

Skill      XL: |  1  2  3  4 |
---------------+-------------+-----
Maces & Flails | 3 4 5 |  5.2
Fighting       | |  3.2
Armour         | |  3.2
Shields        | |  3.2

Action                   |  1- 3 |  4- 6 || total
-------------------------+-------+-------++-------
Melee: Flail             |   115 |    63 ||   178
  Use: Scroll            |     3 |     3 ||     6
       Potion            |       |     1 ||     1
Armor: Scale mail        |    62 |    34 ||    96
Dodge: Dodged            |    58 |    34 ||    92
Block: Buckler           |    24 |    14 ||    38
